 Dungeon Crawl Stone Soup version bcrawl-1.19-7-g22fd707d3b (webtiles) character file.

Game seed: 15660177260011318826

1442 Morbidden the Slasher (level 8, -5/67 HPs)
             Began as a Djinni Sloth Apostle on Nov 17, 2019.
             Was a Priest of Cheibriados.
             Slain by an orc warrior
             ... wielding a cursed -2 mace
              (7 damage)
             ... on level 6 of the Dungeon.
             The game lasted 00:17:14 (6921 turns).

Morbidden the Slasher (Djinni Sloth Apostle)        Turns: 6921, Time: 00:17:14

Health: -5/67      AC:  7    Str: 23    XL:     8   Next: 46%
Magic:  8/14       EV: 10    Int: 28    God:    Cheibriados [***...]
Gold:   257        SH: 13    Dex: 15    Spells: 9/15 levels left

rFire    . . .     SeeInvis .   a - +1 falchion
rCold    . . .     Gourm    .   c - +1 shield
rNeg     . . .     Faith    .   i - +3 leather armour
rPois    .         Spirit   .   (no helmet)
rElec    +         Reflect  .   (no cloak)
rCorr    .         Harm     .   r - +0 pair of gloves
MR       .....     Rnd*Rage +   (boots unavailable)
Stlth    +.........             (no amulet)
HPRegen  0.21/turn              o - ring of attention (curse)
MPRegen  0.14/turn              (no ring)

@: brilliant, flying, very slightly contaminated, very slow
A: never pass out, berserk 2, blink, blurry vision 2, clumsy 1, electricity
resistance, wild magic 3, MP-powered wands, floating
a: Blink, Bend Time, Temporal Distortion, Renounce Religion


You were on level 6 of the Dungeon.
You worshipped Cheibriados.
Cheibriados was most pleased with you.
You were very hungry.

You visited 1 branch of the dungeon, and saw 6 of its levels.
You also visited: Sewer.

You collected 257 gold pieces.

Inventory:

Hand Weapons
 a - a +1 falchion (weapon)
Armour
 c - a +1 shield (worn)
 i - a +3 leather armour (worn)
 r - a +0 pair of gloves (worn)
Jewellery
 o - a cursed ring of attention (left hand)
Wands
 j - a wand of flame (8)
Scrolls
 e - 2 scrolls of magic mapping
 g - 2 scrolls of immolation
Comestibles
 f - 5 rations {!d}


   Skills:
 * Level 4.6 Fighting
 * Level 7.3 Long Blades
 + Level 2.5 Armour
 + Level 2.2 Dodging
 - Level 2.4 Stealth
 + Level 3.4 Shields
 * Level 4.0 Spellcasting
 * Level 2.5 Hexes
 * Level 3.0 Transmutations
 + Level 0.3 Invocations
 + Level 2.1 Evocations


You had 9 spell levels left.
You knew the following spells:

 Your Spells              Type           Power        Failure   Level  Hunger
a - Slow                  Hex            ######..     4%          1    None
b - Tree Form             Hex/Tmut       N/A          45%         5    #####..

Your spell library contained the following spells:

 Spells                   Type           Power        Failure   Level  Hunger
 Statue Form              Tmut/Erth      ######...    96%         6    #######
 Dragon Form              Tmut           ######.      100%        7    #######
 Necromutation            Tmut/Necr      ######..     100%        8    #######


Dungeon Overview and Level Annotations

Branches:
Dungeon (6/12)
 Temple: D:4-7

Altars:
Cheibriados
Gozag
Hepliaklqana
Okawaru
Trog
Wu Jian
The Shining One

Annotations:
D:4 1 runed translucent door, blobbo's ghost, novice DsGl


Innate Abilities, Weirdness & Mutations

You never pass out after going berserk.
You often lose your temper in combat.
You can translocate small distances at will.
Scrolls take you longer to read.
Your spells are much harder to cast, but much more powerful.
You expend magic power (3 MP) to strengthen your wands.
Your body floats in the air.
You are clumsy. (Dex -2)
You are resistant to electric shocks. (rElec)


Message History

You block the orc wizard's attack. The orc barely misses you.
You block the orc wizard's attack.
The orc warrior hits you with a cursed -2 mace.
* * * LOW HITPOINT WARNING * * *
You hit the orc warrior but do no damage.
The orc warrior is heavily wounded.
The orc wizard hits you but does no damage.
You block the orc's attack.
You barely miss the orc warrior.
The orc warrior is heavily wounded.
The orc wizard hits you but does no damage.
You block the orc warrior's attack. The orc hits you but does no damage.
You hit the orc warrior.
The orc warrior is severely wounded.
You feel less wooden.
Your +0 pair of gloves unmelds from your body.
Your +3 leather armour unmelds from your body.
You block the orc wizard's attack.
The orc warrior hits you with a cursed -2 mace!
You die...

#.).....# #.#
#.......# #.#
#.......# #.#
#.......# #.#
#.......######.#
###..............#
#<รท.........######
###...oo..#.#
#.....@o..#.#
#.####..#.#.# #.
#..#.#.# # #..#.#.#
#..#.#.# #..#.#.#
#... #.. ...#


You could see an orc warrior, an orc wizard and an orc.

Vanquished Creatures
  Sigmund (D:5)
  Menkaure (D:5)
  Purgy (Sewer)
  2 phantoms (D:6)
  2 sky beasts
  2 bullfrogs (D:4)
  A centaur zombie (D:5)
  A crimson imp (D:4)
  A hound (D:6)
  An iguana (D:4)
  5 orc wizards
  3 worker ants
  8 adders
  3 gnolls (D:2)
  A river rat (D:5)
  An adder skeleton (D:5)
  8 worms
  4 dart slugs
  6 leopard geckos
  9 orcs
  7 bats
  2 giant cockroaches
  10 hobgoblins
  11 jackals
  10 kobolds
  3 quokkas
  A ball python (D:2)
  7 frilled lizards
  5 goblins
  6 rats
123 creatures vanquished.

Notes
Turn   | Place    | Note
-------+----------+-------------------------------------------
     0 | D:1      | Morbidden the Djinni Sloth Apostle began the quest for the
                  | Orb.
     0 | D:1      | Reached XP level 1. HP: 17/17 MP: 3/3
   229 | D:1      | Reached skill level 3 in Long Blades
   229 | D:1      | Reached XP level 2. HP: 24/24 MP: 4/4
   995 | D:2      | Reached XP level 3. HP: 12/30 MP: 5/5
  1462 | D:2      | Reached * piety under Cheibriados
  1462 | D:2      | Gained mutation: Your spells are harder to cast, but more
                  | powerful. [Djinni growth]
  1462 | D:2      | Gained mutation: You can translocate small distances at
                  | will. [Djinni growth]
  1462 | D:2      | Reached XP level 4. HP: 21/37 MP: 6/6
  1499 | D:2      | Reached skill level 4 in Long Blades
  2945 | D:3      | Noticed a sky beast
  2953 | D:3      | Killed a sky beast
  2953 | D:3      | Reached skill level 5 in Long Blades
  2953 | D:3      | Reached XP level 5. HP: 45/45 MP: 3/7
  2997 | D:3      | Found an iron altar of Okawaru.
  3380 | D:3      | Reached ** piety under Cheibriados
  3396 | D:3      | Learned a level 5 spell: Tree Form
  3774 | D:4      | Found a runed translucent door.
  3774 | D:4      | Noticed blobbo's ghost (novice DsGl)
  3866 | D:4      | Noticed a sky beast
  3876 | D:4      | Killed a sky beast
  3876 | D:4      | Reached skill level 1 in Armour
  3876 | D:4      | Reached skill level 1 in Dodging
  3876 | D:4      | Reached XP level 6. HP: 47/51 MP: 4/9
  3912 | D:4      | Reached skill level 1 in Transmutations
  4854 | D:3      | Reached XP level 7. HP: 35/57 MP: 10/10
  5015 | D:4      | Found a bloodstained altar of Trog.
  5069 | D:4      | Reached skill level 6 in Long Blades
  5365 | D:4      | Found an opulent altar of Gozag.
  5365 | D:4      | Found a hazy altar of Hepliaklqana.
  5366 | D:4      | Found an ornate altar of the Wu Jian Council.
  5366 | D:4      | Found a glowing golden altar of the Shining One.
  5486 | D:4      | Found a snail-covered altar of Cheibriados.
  5557 | D:5      | Entered Level 5 of the Dungeon
  5591 | D:5      | Noticed Menkaure
  5600 | D:5      | Killed Menkaure
  5724 | D:5      | Reached *** piety under Cheibriados
  5887 | D:5      | Found a glowing drain.
  5891 | Sewer    | Entered a sewer
  6006 | Sewer    | Noticed Purgy
  6017 | Sewer    | Killed Purgy
  6017 | Sewer    | Gained mutation: Your spells are much harder to cast, but
                  | much more powerful. [Djinni growth]
  6017 | Sewer    | Reached XP level 8. HP: 66/66 MP: 10/13
  6163 | D:5      | Noticed Sigmund
  6165 | D:5      | Gained mutation: You are clumsy. (Dex -2) [potion of
                  | mutation]
  6165 | D:5      | Gained mutation: You are resistant to electric shocks.
                  | (rElec) [potion of mutation]
  6194 | D:5      | Killed Sigmund
  6450 | D:6      | Reached skill level 7 in Long Blades
  6818 | D:6      | Noticed a hippogriff
  6918 | D:6      | HP: 3/100 [orc warrior/cursed -2 mace (6)]
  6921 | D:6      | Slain by an orc warrior

Skill      XL: |  1  2  3  4  5  6  7  8 |
---------------+-------------------------+-----
Long Blades    | 3 5 6 7 |  7.3
Shields        | 2 3 |  3.4
Fighting       | 3 4 |  4.6
Armour         | 1 2 |  2.5
Dodging        | 1 2 |  2.2
Spellcasting   | 2 3 4 |  4.0
Transmutations | 1 2 3 |  3.0
Hexes          | 2 |  2.5
Evocations     | 2 |  2.1
Stealth        | |  2.4
Invocations    | |  0.3

Action                   |  1- 3 |  4- 6 |  7- 9 || total
-------------------------+-------+-------+-------++-------
Melee: Falchion          |   122 |   322 |   223 ||   667
 Cast: Tree Form         |       |       |     1 ||     1
Invok: Bend Time         |       |     1 |       ||     1
 Abil: Blink             |       |       |     9 ||     9
Evoke: Wand              |       |     6 |    18 ||    24
  Use: Potion            |     1 |     7 |     5 ||    13
       Scroll            |       |     6 |     7 ||    13
 Stab: Sleeping          |     3 |     9 |       ||    12
       Paralysed         |       |    18 |    16 ||    34
  Eat: Chunk             |     3 |     5 |       ||     8
       Ration            |       |       |     1 ||     1
Armor: Robe              |    19 |     4 |       ||    23
       Skin              |    14 |    44 |    43 ||   101
       Leather armour    |       |    77 |    49 ||   126
Dodge: Dodged            |    41 |   115 |    56 ||   212
Block: Shield            |    66 |   217 |   144 ||   427
